 Dungeon Crawl Stone Soup version 0.32-a0-995-gb4a59205af (webtiles) character file.

Game seed: 3232181363400989517

706 packetloss the Firebug (level 7, -6/50 HPs)
             Began as a Demigod Fire Elementalist on Apr 23, 2024.
             Killed by divine providence
             ... invoked by an orc priest
              (14 damage)
             ... on level 7 of the Dungeon.
             The game lasted 00:17:04 (5342 turns).

packetloss the Firebug (Demigod Fire Elementalist)  Turns: 5342, Time: 00:17:05

Health: -6/50      AC:  4    Str: 13    XL:     7   Next: 16%
Magic:  8/15       EV: 11    Int: 21    God:
Gold:   367        SH:  0    Dex: 14    Spells: 6/13 levels left

rFire   . . .        i - +2 rapier (drain)
rCold   . . .        (no shield)
rNeg    . . .        a - +0 robe
rPois   .            (no helmet)
rElec   .            (no cloak)
rCorr   .            (no gloves)
SInv    .            p - +1 pair of boots
Will    .....        (no amulet)
Stlth   ++           (no ring)
HPRegen 0.28/turn    (no ring)
MPRegen 0.14/turn

%: no passive effects
@: lethally poisoned (-6 -> -12)
A: high MP 1, forlorn, divine attributes
a: no special abilities


You were on level 7 of the Dungeon.
You visited 1 branch of the dungeon, and saw 7 of its levels.

You collected 367 gold pieces.

Inventory:

Hand Weapons
 c - a +0 short sword
 i - a +2 rapier of draining (weapon)
 D - a +0 broad axe
Missiles
 f - 4 poisoned darts
 o - 5 javelins
 C - a throwing net
Armour
 a - a +0 robe (worn)
 p - a +1 pair of boots (worn)
 y - a +0 ring mail of cold resistance
 A - a +0 buckler
Jewellery
 d - an amulet of guardian spirit
 s - a ring of see invisible
Talismans
 g - a talisman of death
Scrolls
 h - 2 scrolls of blinking
 k - 4 scrolls of teleportation
 m - a scroll of torment {unknown}
 n - a scroll of amnesia
 r - 2 scrolls of noise
 t - 2 scrolls of enchant weapon
 v - a scroll of vulnerability
 w - a scroll of fear
 B - a scroll of poison
Potions
 b - a potion of magic
 e - a potion of mutation {unknown}
 j - a potion of invisibility {unknown}
 l - 2 potions of lignification {unknown}
 q - a potion of might {unknown}
 u - a potion of degeneration {unknown}
 x - a potion of heal wounds {unknown}
 z - 2 potions of curing {unknown}


   Skills:
 - Level 1.7 Dodging
 - Level 1.7 Stealth
 + Level 3.7 Spellcasting
 + Level 3.6 Conjurations
 * Level 5.9 Fire Magic


You had 6 spell levels left.
You knew the following spells:

 Your Spells              Type           Power      Damage    Failure   Level
a - Foxfire               Conj/Fire      96%        2x1d8     1%          1
b - Scorch                Fire           56%        2d7       1%          2
c - Flame Wave            Conj/Fire      24%        2d8       17%         4

Your spell library contained the following spells:

 Spells                   Type           Power      Damage    Failure   Level
 Inner Flame              Hex/Fire       16%        N/A       11%         3
 Volatile Blastmotes      Fire/Tloc      32%        2d12      11%         3
 Lesser Beckoning         Tloc           6%         N/A       19%         2
 Call Canine Familiar     Summ           3%         N/A       36%         3
 Maxwell's Portable Pile  Tloc           3%         2d(5-14)  36%         3
 Sigil of Binding         Hex            3%         N/A       36%         3
 Teleport Other           Tloc           3%         N/A       36%         3
 Dimensional Bullseye     Hex/Tloc       1%         N/A       77%         4
 Magnavolt                Erth/Air       1%         3d9       100%        7
 Maxwell's Capacitive Co  Air            1%         ∞         100%        8


Dungeon Overview and Level Annotations

Branches:
Dungeon (7/15)
 Temple: D:4-7

Shops:
D:1 *   D:4 *

Annotations:
D:5 exclusion: orc warrior
D:6 1 runed translucent door


Innate Abilities, Weirdness & Mutations

You have an increased reservoir of magic. (+10% MP)
You shall have no god before yourself.
Your divine heritage dramatically boosts your attributes as you level up.


Message History

Casting: Foxfire (safe; 1% risk of failure)
Confirm with . or Enter, or press ? or * to list all spells.
You conjure some foxfire!
You feel sick.
The water moccasin is no longer more vulnerable to fire.
The water moccasin bites you but does no damage.
The water moccasin barely misses you.
You feel sick.
The foxfire hits the water moccasin.
The water moccasin is almost dead.
The foxfire hits the water moccasin.
The water moccasin is almost dead.
The water moccasin bites you.
Casting: Foxfire (safe; 1% risk of failure)
Confirm with . or Enter, or press ? or * to list all spells.
You conjure some foxfire!
You feel sick. The water moccasin bites you.
You are lethally poisoned!
The water moccasin poisons you!
* * * LOW HITPOINT WARNING * * *
You feel very sick.
The foxfire hits the water moccasin!
You kill the water moccasin!
The foxfire hits the orc priest!
The orc priest is heavily wounded.
You have reached level 7!
Okay, then.
Casting: Foxfire (safe; 1% risk of failure)
Confirm with . or Enter, or press ? or * to list all spells.
You conjure some foxfire!
* * * LOW HITPOINT WARNING * * *
You feel very sick. The orc priest misses you.
* * * LOW HITPOINT WARNING * * *
You feel sick.
The foxfire hits the orc priest.
The orc priest is heavily wounded.
The foxfire hits the orc priest.
The orc priest is almost dead.
The orc priest calls down the wrath of Beogh upon you.
You struggle to resist.
The orc priest mumbles some strange prayers to Beogh against you.
Beogh smites you!
You die...

..###
#.....# .##
#..##..# .#
#..# ### .#
# ##..# ##
##. #...#
## #...
#..## .##
#.... #..#
..##
.....o#..#
#..#
.....oo@.#
#..####
#.....#..#
##....##
##.####....
.......# #
......#
.......#
#.....##
......##
#....##
....#..##
#.....
#.####<.##
#...... ###
##..#


You could see 2 orc priests and an orc.

Vanquished Creatures
  A water moccasin (D:7)
  A kobold brigand (D:7)
  2 bombardier beetles
  A hound (D:5)
  2 orc priests
  A sleepcap (D:4)
  3 iguanas
  3 orc wizards
  4 gnolls
  4 adders
  2 ufetubi (D:7)
  A dart slug (D:3)
  15 orcs
  4 bats
  8 endoplasms
  7 giant cockroaches
  6 goblins
  5 hobgoblins
  3 jackals (D:1)
  3 quokkas
  4 ball pythons
  13 kobolds
  4 rats
97 creatures vanquished.

Vanquished Creatures (collateral kills)
  A foxfire (D:3)
1 creature vanquished.

Vanquished Creatures (others)
  An orc wizard (D:5)
  303 foxfires
304 creatures vanquished.

Grand Total: 402 creatures vanquished

Notes
Turn   | Place    | Note
-------+----------+-------------------------------------------
     0 | D:1      | packetloss the Demigod Fire Elementalist began the quest
                  | for the Orb.
     0 | D:1      | Reached XP level 1. HP: 14/14 MP: 5/5
    32 | D:1      | Reached skill level 1 in Conjurations
    38 | D:1      | Reached skill level 3 in Fire Magic
   115 | D:1      | Reached XP level 2. HP: 20/20 MP: 1/7
   117 | D:1      | Reached skill level 2 in Spellcasting
   405 | D:1      | Found Hilua's General Store.
   928 | D:2      | Reached XP level 3. HP: 26/26 MP: 5/8
  1057 | D:2      | Learned a level 2 spell: Scorch
  1874 | D:3      | HP: 6/26 [burnt (3)]
  1876 | D:3      | HP: 2/26 [burnt (2)]
  1877 | D:3      | Reached skill level 2 in Conjurations
  1877 | D:3      | Reached XP level 4. HP: 3/33 MP: 2/10
  2235 | D:3      | Reached skill level 4 in Fire Magic
  2731 | D:5      | Entered Level 5 of the Dungeon
  3004 | D:4      | Reached XP level 5. HP: 34/38 MP: 6/12
  3012 | D:4      | HP: 6/38 [kobold/+0 long sword (7)]
  3196 | D:4      | Found Tios's Lightly-Used Armoury.
  3237 | D:4      | Reached skill level 3 in Spellcasting
  3749 | D:5      | Noticed an orc warrior
  3872 | D:4      | HP: 9/38 [gnoll/+0 flail (5)]
  4032 | D:4      | Reached skill level 5 in Fire Magic
  4032 | D:4      | Reached XP level 6. HP: 15/45 MP: 6/13
  4254 | D:5      | Reached skill level 3 in Conjurations
  4391 | D:5      | HP: 7/45 [orc warrior/arrow (5)]
  5026 | D:6      | Learned a level 4 spell: Flame Wave
  5033 | D:6      | Found a runed translucent door.
  5330 | D:7      | Noticed a water moccasin
  5340 | D:7      | HP: 11/45 [poisoned by a water moccasin]
  5340 | D:7      | Killed a water moccasin
  5341 | D:7      | Reached XP level 7. HP: 12/50 MP: 9/15
  5342 | D:7      | Killed from afar by an orc priest

Illustrated notes

Levels and vault maps discovered:
D:1:      roderic_chinese_lattice_arrival, layout_basic, serial_shops,
          nicolae_shop_tiny_waterfront
D:2:      layout_basic, minmay_misc_feat_four_crosses, minmay_split_cup_small
D:3:      layout_basic, worldfamousw_hep_ancestral_shrine,
          shapermc_ecumenical_altar_gd, minmay_fractal_squares_gapless_5
D:4:      layout_loops_ring, chequers_serial_rivers_large_b, minmay_shop_damaged
D:5:      layout_basic, serial_shops, kennysheep_little_box
D:6:      layout_basic, kennysheep_okawaru_gauntlet, ebering_ghost_xom,
          minivault_14, st_stairs_11
D:7:      layout_cave_pods, minmay_temple_entry_crystal_x, enter_bailey_8,
          nicolae_the_louvre

Skill      XL: |  1  2  3  4  5  6 |
---------------+-------------------+-----
Conjurations   | 1 2 3 |  3.6
Fire Magic     | 3 4 5 |  5.9
Spellcasting   | 2 3 |  3.7
Dodging        | |  1.7
Stealth        | |  1.7

Action                     |  1- 3 |  4- 6 |  7- 9 || total
---------------------------+-------+-------+-------++-------
  Melee: Rapier            |     3 |    31 |       ||    34
   Cast: Foxfire           |    67 |   119 |     1 ||   187
         Scorch            |     3 |     9 |       ||    12
    Use: Scroll            |       |     8 |       ||     8
 Armour: Robe              |    31 |   101 |       ||   132
  Dodge: Dodged            |    37 |    84 |     1 ||   122

Table legend: (Time is in decaauts)
 A = Elapsed time spent in this place.
 B = Non-inter-level travel time spent in this place.
 C = Inter-level travel time spent in this place.
 D = Time resting spent in this place.
 E = Time spent auto-exploring this place.
 F = Levels seen in this place.
 G = Mean time per level.
                   A        B        C        D        E       F      G
               +--------+--------+--------+--------+--------+-----+--------+
         Total |   5382 |   5249 |    133 |   1460 |   2161 |   7 |  768.9 |
       Dungeon |   5382 |   5249 |    133 |   1460 |   2161 |   7 |  768.9 |
               +--------+--------+--------+--------+--------+-----+--------+

Top non-repeatable levels by time:
     D:4: 1672 daAuts
     D:3: 986 daAuts
     D:1: 835 daAuts
     D:5: 775 daAuts
     D:2: 764 daAuts
     D:7: 263 daAuts
     D:6: 85 daAuts
